 Dungeon Crawl Stone Soup version 0.26-a0-27-g1f0226971c (webtiles) character file.

Game seed: 974819979904819192, levelgen mode: deterministic

196 vurker the Digger (level 5, 0/34 HPs)
             Began as an Octopode Earth Elementalist on May 27, 2020.
             Slain by a leopard gecko (3 damage)
             ... on level 4 of the Dungeon.
             The game lasted 00:04:13 (4277 turns).

vurker the Digger (Octopode Earth Elementalist)     Turns: 4277, Time: 00:04:13

Health: 0/34       AC:  1    Str:  7    XL:     5   Next: 75%
Magic:  6/10       EV: 13    Int: 19    God:
Gold:   185        SH:  0    Dex: 12    Spells: 4/10 levels left

rFire    . . .     SeeInvis +   n - +0 short sword (venom)
rCold    . . .     Gourm    .   (no shield)
rNeg     . . .     Faith    .   (helmet restricted)
rPois    +         Spirit   .   (no amulet)
rElec    .         Reflect  .   c - ring of see invisible
rCorr    .         Harm     .   r - ring of poison resistance
MR       .....                  (no ring)
Stlth    +++.......             (no ring)
HPRegen  0.11/turn              (no ring)
MPRegen  0.12/turn              (no ring)
                                (no ring)
                                (no ring)

@: no status effects
A: almost no armour, stealthy swim, amphibious, 8 rings, constrict 8, camouflage
1, gelatinous body 1
a: no special abilities


You were on level 4 of the Dungeon.
You were not hungry.

You visited 1 branch of the dungeon, and saw 4 of its levels.

You collected 185 gold pieces.

Inventory:

Hand Weapons
 n - a +0 short sword of venom (weapon)
   (You took it off an orc on level 2 of the Dungeon)
Missiles
 b - 208 stones (quivered)
Jewellery
 c - a ring of see invisible (left tentacle)
   (You found it on level 3 of the Dungeon)
 r - a ring of poison resistance (right tentacle)
   (You found it on level 4 of the Dungeon)
Scrolls
 a - 3 scrolls of immolation {unknown}
 d - a scroll of magic mapping {unknown}
 f - 2 scrolls of remove curse {unknown}
 i - 2 scrolls of enchant weapon {unknown}
 j - 2 scrolls of identify {unknown}
 k - 2 scrolls of amnesia {unknown}
 l - a scroll of fear {unknown}
 p - 2 scrolls of teleportation {unknown}
Potions
 g - 2 potions of lignification {unknown}
 h - a potion of magic {unknown}
 m - 4 potions of heal wounds {unknown}
 o - a potion of berserk rage {unknown}
Comestibles
 e - 11 rations


   Skills:
 + Level 1.7 Fighting
 - Level 2.0 Dodging
 - Level 2.6 Stealth
 * Level 3.4 Spellcasting
 + Level 1.2 Conjurations
 + Level 1.8 Transmutations
 * Level 4.3 Earth Magic


You had 4 spell levels left.
You knew the following spells:

 Your Spells              Type           Power        Failure   Level  Hunger
a - Sandblast             Erth           ###...       2%          1    None
b - Stone Arrow           Conj/Erth      ##....       14%         3    ###....
q - Passwall              Tmut/Erth      ###.....     6%          2    ##.....

Your spell library contained the following spells:

 Spells                   Type           Power        Failure   Level  Hunger
 Petrify                  Tmut/Erth      ###.....     38%         4    ####...
 Lee's Rapid Deconstruct  Erth           ###.......   56%         5    ######.


Dungeon Overview and Level Annotations

Branches:
Dungeon (4/15)
 Temple: D:4-7

Altars:
Fedhas
Makhleb
Zin
The Shining One


Innate Abilities, Weirdness & Mutations

You cannot wear most types of armour.
You are very stealthy in the water. (Stealth+)
You are amphibious.
You can wear up to eight rings at the same time.
You can use your tentacles to constrict eight enemies at once.
Your skin changes colour to match your surroundings (Stealth+).
Your rubbery body absorbs attacks. (AC +1, EV +1)


Message History

The leopard gecko hisses angrily.
You hit the leopard gecko.
You kill the leopard gecko!
No target in view!
No target in view!
Found 17 stones and a scroll labeled BIUMENWAOQ.
r - a small golden ring
r - a ring of poison resistance (right tentacle)
Found 16 gold pieces.
A leopard gecko and an iguana come into view.
You see here 17 stones.
There are monsters nearby!
The iguana hisses angrily.
Found 7 gold pieces.
You can't see any susceptible monsters within range! (Use Z to cast anyway.)
You can't see any susceptible monsters within range! (Use Z to cast anyway.)
Aim: an iguana The blast of sand hits the iguana.
b - 210 stones The leopard gecko hisses angrily.
Aim: an iguana (lightly wounded)
The blast of sand hits the iguana!
b - 209 stones The spell is quite dangerous to cast (14% risk of failure)!
Continue anyway? [Y]es or [N]o only, please.
The spell is quite dangerous to cast (14% risk of failure)!
Continue anyway? [Y]es or [N]o only, please.
The spell is quite dangerous to cast (14% risk of failure)!
Continue anyway?
Okay, then.
You hit the iguana. You grab the iguana. You squeeze the iguana.
You constrict the iguana, but do no damage.
The iguana bites you!
You hit the iguana.
You constrict the iguana, but do no damage.
The iguana bites you!
All of the chunks of flesh in your inventory have rotted away.
You hit the iguana but do no damage.
The iguana is poisoned.
You constrict the iguana, but do no damage.
The leopard gecko misses you. The iguana misses you.
The leopard gecko bites you. The iguana bites you!
* * * LOW HITPOINT WARNING * * *
Aim: an iguana (almost dead, constricted by you, poisoned)
The blast of sand hits the iguana.
You kill the iguana!
b - 208 stones The leopard gecko bites you.
* * * LOW HITPOINT WARNING * * *
You barely miss the leopard gecko. You grab the leopard gecko.
You constrict the leopard gecko. The leopard gecko bites you.
You die...

#.# #. #.# #####. ##.##
#.. .. #+ ##...###.. ..
... #.....##.# #. ....
##.....##.###. .....
###......##.##..
......###(..........##..
.......@................
.$....l..#...#.###......
....$#...#.....# #.....>
....#..#.#.#...# #.####.
...#....###....# #.# #.
#+#..#.. #...#..##.# #.
.....#. ..?#....#.# #.
..##### #. #.


You could see a leopard gecko.

Vanquished Creatures
  An orc priest (D:3)
  Terence (D:3)
  An iguana (D:4)
  Ijyb (D:3)
  4 adders
  A worm (D:3)
  3 leopard geckos
  2 orcs (D:2)
  5 giant cockroaches
  8 hobgoblins
  4 jackals (D:4)
  4 bats
  2 frilled lizards
  5 goblins
  5 kobolds
  4 rats
51 creatures vanquished.

Notes
Turn   | Place    | Note
-------+----------+-------------------------------------------
     0 | D:1      | vurker the Octopode Earth Elementalist began the quest for
                  | the Orb.
     0 | D:1      | Reached XP level 1. HP: 11/11 MP: 3/3
   474 | D:1      | Reached XP level 2. HP: 18/18 MP: 5/5
  1344 | D:2      | Reached XP level 3. HP: 17/22 MP: 6/6
  1547 | D:2      | Learned a level 3 spell: Stone Arrow
  1550 | D:2      | Learned a level 2 spell: Passwall
  1869 | D:2      | Reached skill level 1 in Fighting
  2111 | D:2      | Found a glowing golden altar of the Shining One.
  2300 | D:3      | Reached XP level 4. HP: 28/28 MP: 3/8
  2580 | D:3      | Found a burning altar of Makhleb.
  2582 | D:3      | Found a glowing silver altar of Zin.
  2582 | D:3      | Noticed an angel
  2583 | D:3      | Noticed a balrug
  2749 | D:3      | Noticed Ijyb
  2762 | D:3      | Killed Ijyb
  2873 | D:3      | Found a faded altar of an unknown god.
  3025 | D:3      | Reached XP level 5. HP: 25/33 MP: 9/9
  3209 | D:3      | Noticed Terence
  3218 | D:3      | Killed Terence
  3218 | D:3      | Reached skill level 1 in Conjurations
  3218 | D:3      | Reached skill level 4 in Earth Magic
  3757 | D:3      | Found a blossoming altar of Fedhas.
  4277 | D:4      | Slain by a leopard gecko

Illustrated notes

Levels and vault maps discovered:
D:1:      ncdulo_watergridlock, layout_basic, minmay_tromino_i4
D:2:      layout_loops_corners, tso_altar, first_ration
D:3:      layout_basic, grunt_temple_overflow_order_and_chaos_2, fedhas_altar_4,
          chequers_ecumenical_altar_simple, uniq_ijyb, uniq_terence
D:4:      layout_loops_corners, kennysheep_mini, minmay_temple_entry_arrows

Skill      XL: |  1  2  3  4  5 |
---------------+----------------+-----
Fighting       | 1 |  1.7
Spellcasting   | 3 |  3.4
Conjurations   | 1 |  1.2
Earth Magic    | 4 |  4.3
Dodging        | |  2.0
Stealth        | |  2.6
Transmutations | |  1.8

Action                   |  1- 3 |  4- 6 || total
-------------------------+-------+-------++-------
Melee: Dagger            |    37 |     2 ||    39
       Unarmed           |     3 |       ||     3
       Tentacles         |     8 |    10 ||    18
       Constrict         |     8 |    15 ||    23
       Short sword       |       |    63 ||    63
 Cast: Sandblast         |     9 |    10 ||    19
 Stab: Sleeping          |    13 |     4 ||    17
  Eat: Chunk             |     4 |     6 ||    10
Armor: Skin              |     2 |     6 ||     8
Dodge: Dodged            |    22 |    49 ||    71

Table legend:
 A = Non-vault XP
 B = Vault XP
 C = Vault XP percentage of total XP
 D = Non-vault monster count
 E = Vault monster count
 F = Vault count percentage of total count
                 A         B        C        D         E       F
            +---------+---------+-------+---------+---------+-------
      Total |     205 |      76 |  27.0 |      46 |       5 |   9.8
            +---------+---------+-------+---------+---------+-------
        D:1 |      25 |       5 |  16.7 |      16 |       3 |  15.8
        D:2 |      31 |       0 |   0.0 |      10 |       0 |   0.0
        D:3 |      88 |      71 |  44.7 |      13 |       2 |  13.3
        D:4 |      61 |       0 |   0.0 |       7 |       0 |   0.0
            +---------+---------+-------+---------+---------+-------
